 Dungeon Crawl Stone Soup version 0.25.1-2-g60ff931df9 (webtiles) character file.

Game seed: 14575386165928157655

630 Erymatos the Cleaver (level 7, -8/91 HPs)
             Began as a Minotaur Berserker on Nov 14, 2020.
             Was a Priest of Trog.
             Mangled by an ogre
             ... wielding a +0 giant club
              (24 damage)
             ... on level 5 of the Dungeon.
             The game lasted 00:04:26 (4059 turns).

Erymatos the Cleaver (Minotaur Berserker)           Turns: 4059, Time: 00:04:26

Health: -8/91      AC:  5    Str: 22    XL:     7   Next: 24%
Magic:  6/6        EV: 12    Int:  4    God:    Trog [***...]
Gold:   231        SH:  9    Dex: 11    Spells: 6/6 levels left

rFire    . . .     SeeInvis .   v - +0 broad axe
rCold    . . .     Gourm    .   r - +0 buckler
rNeg     . . .     Faith    .   s - +0 ring mail
rPois    .         Spirit   .   (helmet restricted)
rElec    .         Reflect  +   (no cloak)
rCorr    .         Harm     .   (no gloves)
MR       .....                  (no boots)
Stlth    ..........             o - amulet of reflection
HPRegen  0.25/turn              (no ring)
MPRegen  0.10/turn              (no ring)

@: berserking, very quick
A: retaliatory headbutt, horns 2
a: Berserk, Trog's Hand, Renounce Religion


You were on level 5 of the Dungeon.
You worshipped Trog.
Trog was most pleased with you.
You were not hungry.

You visited 1 branch of the dungeon, and saw 5 of its levels.

You collected 231 gold pieces.

Inventory:

Hand Weapons
 a - a +0 hand axe
 v - a +0 broad axe (weapon)
Armour
 b - a +0 animal skin
 r - a +0 buckler (worn)
 s - a +0 ring mail (worn)
Jewellery
 o - an amulet of reflection (around neck)
 p - an uncursed ring of ice
Scrolls
 e - 4 scrolls of identify {unknown}
 j - 2 scrolls of enchant armour {unknown}
 m - 3 scrolls of teleportation {unknown}
 n - 2 scrolls of fog {unknown}
 q - a scroll of immolation {unknown}
 t - a scroll of remove curse {unknown}
 u - a scroll of noise {unknown}
 w - a scroll of magic mapping {unknown}
 y - 2 scrolls of amnesia {unknown}
Potions
 d - 4 potions of curing {unknown}
 f - 2 potions of brilliance {unknown}
 g - 3 potions of cancellation {unknown}
 h - a potion of flight {unknown}
 i - 4 potions of haste {unknown}
 k - a potion of ambrosia {unknown}
 l - a potion of lignification {unknown}
 x - 2 potions of mutation {unknown}
 z - 2 potions of heal wounds {unknown}
Comestibles
 c - 11 rations


   Skills:
 + Level 5.3 Fighting
 + Level 8.0 Axes
 + Level 3.2 Armour
 + Level 3.9 Dodging
 + Level 1.6 Shields


You had 6 spell levels left.
You didn't know any spells.
Your spell library was empty.

Dungeon Overview and Level Annotations

Branches:
Dungeon (5/15)             Temple (0/1) D:4

Altars:


Innate Abilities, Weirdness & Mutations

You reflexively headbutt those who attack you in melee.
You have a pair of horns on your head.


Message History

Found 18 stones and a dagger.
No target in view!
You see here 18 stones.
You see here a dagger.
You now have 231 gold pieces (gained 13).
An ogre comes into view. It is wielding a +0 giant club.
The ogre shouts!
The ogre hits you with a +0 giant club!!
An ogre is nearby!
You hit the ogre but do no damage.
The ogre hits you with a +0 giant club!!
Ouch! That really hurt!
* * * LOW HITPOINT WARNING * * *
You are too injured to fight recklessly!
A red film seems to cover your vision as you go berserk!
You feel yourself moving faster!
You feel mighty!
You feel quite a bit more hungry.
Your ring mail prevents you from hitting the ogre.
The ogre hits you with a +0 giant club!!
You die...

#####
#...#
###.#.#
#...#)#
#.###.#
#.#<#(#
#.#.#.#
#.#...#
#@#####
#.O.#
..#.#
##.#..#
#.# .#
#.. .#
### #


You could see an ogre.

Vanquished Creatures
  Grinder (D:3)
  The ghost of execc the Poker, an amateur OpBe of Trog (D:3)
  A bullfrog (D:3)
  A worker ant (D:4)
  An iguana (D:4)
  Robin (D:2)
  10 adders
  3 dart slugs (D:2)
  4 leopard geckos
  4 orcs (D:3)
  2 ball pythons
  3 giant cockroaches (D:1)
  17 goblins
  5 hobgoblins
  8 jackals
  4 quokkas
  8 bats
  6 frilled lizards
  9 kobolds
  8 rats
97 creatures vanquished.

Notes
Turn   | Place    | Note
-------+----------+-------------------------------------------
     0 | D:1      | Erymatos the Minotaur Berserker began the quest for the
                  | Orb.
     0 | D:1      | Reached XP level 1. HP: 19/19 MP: 0/0
   171 | D:1      | Reached XP level 2. HP: 27/27 MP: 1/1
   200 | D:1      | Reached skill level 4 in Axes
   303 | D:1      | Reached ** piety under Trog
   602 | D:1      | Reached XP level 3. HP: 33/33 MP: 2/2
  1281 | D:2      | Noticed Robin
  1289 | D:2      | Reached skill level 5 in Axes
  1292 | D:2      | Killed Robin
  1292 | D:2      | Reached XP level 4. HP: 35/41 MP: 3/3
  2296 | D:3      | Noticed Grinder
  2303 | D:3      | Killed Grinder
  2303 | D:3      | Reached *** piety under Trog
  2303 | D:3      | Reached skill level 6 in Axes
  2303 | D:3      | Reached XP level 5. HP: 47/47 MP: 4/4
  2303 | D:3      | Reached XP level 6. HP: 55/55 MP: 5/5
  2642 | D:3      | Reached skill level 7 in Axes
  2691 | D:3      | Found a runed translucent door.
  3077 | D:3      | Noticed execc's ghost (amateur OpBe)
  3308 | D:3      | Reached skill level 5 in Fighting
  3312 | D:3      | Killed execc's ghost
  3312 | D:3      | Reached skill level 1 in Shields
  3312 | D:3      | Reached XP level 7. HP: 61/61 MP: 6/6
  3572 | D:4      | Found a staircase to the Ecumenical Temple.
  3903 | D:4      | Reached skill level 8 in Axes
  4039 | D:5      | Entered Level 5 of the Dungeon
  4059 | D:5      | Mangled by an ogre

Illustrated notes

Levels and vault maps discovered:
D:1:      lemuel_arrival_tunnels, layout_basic
D:2:      layout_basic, uniq_robin
D:3:      layout_basic, ebering_ghost_sewer_d,
          wander_ebering_terrifying_dragon_lair, uniq_grinder
D:4:      layout_basic, minmay_temple_entry_fiery, first_ration
D:5:      layout_basic, nicolae_gozag_seed_capital

Skill      XL: |  1  2  3  4  5  6  7 |
---------------+----------------------+-----
Axes           | 4 5 6 7 8 |  8.0
Fighting       | 4 5 |  5.3
Dodging        | 3 |  3.9
Armour         | 3 |  3.2
Shields        | 1 |  1.6

Action                   |  1- 3 |  4- 6 |  7- 9 || total
-------------------------+-------+-------+-------++-------
Melee: Hand axe          |    72 |    37 |       ||   109
       Headbutt          |     8 |     9 |     2 ||    19
       Broad axe         |       |    51 |    15 ||    66
Invok: Berserk           |     3 |     3 |     1 ||     7
 Stab: Sleeping          |       |     1 |       ||     1
  Eat: Chunk             |     3 |     9 |     4 ||    16
Armor: Animal skin       |    12 |     2 |       ||    14
       Ring mail         |       |    12 |     3 ||    15
Dodge: Dodged            |    50 |    38 |     6 ||    94
Block: Buckler           |       |    27 |     5 ||    32
       Other             |       |     3 |       ||     3
